 Dungeon Crawl Stone Soup version 0.14.0-7-g2801ba0 (webtiles) character file.

100969 Qrupt the Phalangite (level 16, -2/136 HPs)
             Began as a Merfolk Gladiator on Apr 12, 2014.
             Was the Champion of Fedhas.
             Slain by an alligator (9 damage)
             ... on Level 2 of the Swamp on Apr 13, 2014.
             The game lasted 02:57:26 (31214 turns).

Qrupt the Phalangite (Merfolk Gladiator)           Turns: 31214, Time: 02:57:46

HP  -2/136       AC 14     Str 21      XL: 16   Next: 23%
MP  28/28        EV 24     Int 12      God: Fedhas [******]
Gold 2062        SH  0     Dex 18      Spells:  0 memorised, 15 levels left

rFire  . . .     SeeInvis +     Y - +8,+3 trident "Foireuzaif" {pierce, rPois Stlth}
rCold  . . .     Clarity  .     c - +2 leather armour of Wyerchud {rElec Int+4}
rNeg   . . .     Conserve +     (no shield)
rPois  +         rCorr    .     s - +0 hat {SInv}
rElec  +         rRot     .     P - +2 cloak {MR+}
SustAb . .       Spirit   .     M - +2 pair of gloves {Str+3}
rMut   .         Warding  .     D - +0 pair of boots
Saprov . . .     Stasis   .     V - amulet of conservation
MR     ++...                    a - ring of poison resistance
                                H - ring of regeneration

@: very resistant to hostile enchantments, fairly stealthy
A: change form in water, swift swim, breathe flames 1, herbivore 1, mutation
resistance 1, regeneration 1
a: Evolution, Sunlight, Growth, Reproduction, Rain, Renounce Religion, Breathe
Fire


You were on level 2 of the Swamp.
You worshipped Fedhas.
Fedhas was exalted by your worship.
You were not hungry.

You visited 5 branches of the dungeon, and saw 31 of its levels.
You also visited: Ossuary.

You collected 2993 gold pieces.
You spent 931 gold pieces at shops.

Inventory:

Hand weapons
 i - the +15,+15 crossbow "Sniper" {velocity, SInv}
   (You found it on level 2 of the Swamp)

   Any bolt fired from it inflicts extra damage.
   It enhances your eyesight.
 n - a +1,+1 glaive of protection
 Y - the +8,+3 trident "Foireuzaif" (weapon) {pierce, rPois Stlth}
   (You found it on level 4 of the Lair of Beasts)

   It inflicts extra damage upon your enemies.
   It protects you from poison.
   It makes you more stealthy.
Armour
 c - the +2 leather armour of Wyerchud (worn) {rElec Int+4}
   (You found it on level 8 of the Lair of Beasts)

   It affects your intelligence (+4).
   It insulates you from electricity.
 s - a +0 hat of see invisible (worn)
 D - a +0 pair of boots (worn)
 M - a +2 pair of gloves of strength (worn)
 P - a +2 cloak of magic resistance (worn)
Magical devices
 m - a wand of paralysis (10)
 o - a wand of draining (0)
 x - a wand of disintegration (1)
 J - a wand of draining (1)
 O - a wand of digging (7)
 U - a wand of lightning (6)
 Z - a wand of teleportation (3)
Comestibles
 f - 12 bread rations
 g - 6 grapes
 B - 11 oranges
 E - 3 beef jerkies
 N - 2 chunks of alligator flesh
 R - a choko
Scrolls
 e - 9 scrolls of identify
 h - 6 scrolls of magic mapping
 k - 2 scrolls of blinking
 p - 3 scrolls of fog
 r - 2 scrolls of amnesia
 v - 2 scrolls of enchant weapon II
 w - 3 scrolls of fear
 z - 5 scrolls of enchant weapon I
 C - 5 scrolls of recharging
 G - 10 scrolls of remove curse
 K - 3 scrolls of teleportation
Jewellery
 a - a ring of poison resistance (right hand)
 y - an uncursed ring of protection from cold
 A - an uncursed amulet of stasis
 H - a ring of regeneration (left hand)
 I - an uncursed amulet of clarity
 V - an amulet of conservation (around neck)
 W - an uncursed ring of protection from magic
Potions
 b - a potion of invisibility
 d - 4 potions of brilliance
 j - a potion of flight
 q - a potion of agility
 t - 2 potions of restore abilities
 u - 11 potions of curing
 F - 3 potions of heal wounds
 S - a potion of magic
 X - 2 potions of might
Books
 T - a book of Wizardry

   Spells                             Type                      Level
   Summon Elemental                   Summoning                    4
   Agony                              Necromancy                   5
   Force Lance                        Conjuration                  5
   Haste                              Charms                       6
   Invisibility                       Hexes                        6
   Spellforged Servitor               Conjuration/Summoning        7
Miscellaneous
 l - a stone of tremors
 L - a disc of storms
 Q - a fan of gales (inert)


   Skills:
 - Level 15.6 Fighting
 - Level 22.3 Polearms
 - Level 2.0 Throwing
 + Level 8.2 Armour
 - Level 15.0 Dodging
 - Level 8.9 Evocations


You had 15 spell levels left.
You didn't know any spells.

Dungeon Overview and Level Annotations

Branches:
Dungeon (15/15)            Temple (1/1) D:4             Orc (4/4) D:11
    Elf (0/3) Orc:4          Lair (8/8) D:11          Swamp (3/5) Lair:4
  Snake (0/5) Lair:4        Slime (0/6) Lair:8       Vaults (0/5) D:14
 Depths (0/5) D:15

Altars:
Ashenzari
Cheibriados
Dithmenos
Elyvilon
Fedhas
Kikubaaqudgha
Makhleb
Nemelex Xobeh
Okawaru
Sif Muna
Trog
Vehumet
Xom
Yredelemnul
Zin
The Shining One
Beogh

Shops:
D:4 (   D:10 [   D:14 [   Orc:1 [   Orc:4 [*(:

Annotations:
D:5 Dowan
D:8 Erolcha


Innate Abilities, Weirdness & Mutations

You revert to your normal form in water.
You are very nimble and swift while swimming.
You can breathe flames.
You digest meat inefficiently.
You are somewhat resistant to further mutation.
Your natural rate of healing is unusually fast.


Message History

You climb upwards.
There is a stone staircase leading down here.
Read which item? (? for menu, Esc to quit)
As you read the scroll of fear, it crumbles to dust.
You assume a fearsome visage.
The baby alligator looks frightened!
The alligator resists.
Your wandering mushroom is unaffected.
The baby alligator looks frightened!
Your wandering mushroom hits the baby alligator.
The baby alligator is engulfed in a cloud of spores!
The baby alligator appears confused.
The alligator bites you! The alligator misses you. The alligator bites you!
* * * LOW HITPOINT WARNING * * *
The alligator tail-slaps you but does no damage.
The alligator bites you!
* * * LOW HITPOINT WARNING * * *
The alligator tail-slaps you!
You die...
Fedhas appreciates your contribution to the ecosystem.

♣♣♣♣♣♣
♣♣♣♣♣♣♣♣♣♣♣♣♣♣....♣♣♣
♣.≈.≈♣≈≈..§♣♣.......♣♣
♣.≈≈.§≈≈...♣♣...≈....♣♣♣
......≈≈≈..♣♣♣./.t.....♣♣
.≈....≈≈§..♣≈...........♣
...≈.≈≈≈≈..♣♣≈≈.≈♣♣.....♣
♣≈.≈≈≈≈≈≈..≈♣.%f@♣♣≈≈≈..♣
♣♣.≈≈≈≈≈≈...[.≈t>≈≈.≈≈≈.♣
...≈≈≈≈≈≈≈...≈≈≈≈.≈..§≈.♣
....≈≈≈≈≈≈...≈≈≈≈.♣≈≈.♣♣♣
.♣♣..≈≈≈≈≈.≈({≈≈≈.♣♣≈≈♣
♣≈...≈.....≈.≈≈≈≈(♣♣♣♣♣♣♣
♣♣...≈.§♣♣♣♣.≈≈≈≈.♣ ♣..≈♣
♣♣≈.....♣ ♣♣.≈≈≈.♣ ♣≈≈.♣
♣.≈...♣≈♣ ♣≈...♣♣ ♣≈≈≈♣


You could see an alligator, a baby alligator (confused) and a friendly wandering
mushroom.

Vanquished Creatures
  Norris (Swamp:2)
  Saint Roka (Swamp:2)
  An orc warlord (Orc:4)
  Gastronok (D:8)
  A vault guard (D:14)
  Snorg (Swamp:2)
  Josephine (D:10)
  A fire dragon (Lair:8)
  2 shambling mangroves (Swamp:2)
  Erica (D:10)
  7 hydras
  An ogre mage (Orc:2)
  2 alligators
  A vampire mage (D:15)
  A tengu warrior (D:14)
  A plague shambler (D:15)
  A centaur warrior (D:15)
  4 orc high priests (Orc:4)
  5 skeletal warriors
  An unseen horror (D:15)
  Pikel (D:8)
  A necromancer (D:15)
  3 orc knights
  5 hill giants
  Joseph (D:8)
  4 orc sorcerers (Orc:4)
  A red wasp (Swamp:2)
  4 cyclopes
  A griffon (Lair:5)
  3 elephants (Lair:6)
  A lindwurm (Lair:8)
  A dire elephant zombie (D:15)
  2 black mambas (Lair:6)
  4 gargoyles
  9 spiny frogs
  3 fire drakes
  A vapour (Swamp:2)
  A kobold demonologist (D:11)
  An efreet (D:13)
  An iron troll zombie (D:15)
  3 trolls
  7 giant leeches
  4 giant fireflies
  13 komodo dragons
  5 polar bears (Lair:8)
  Prince Ribbit (D:4)
  A deep elf mage (D:15)
  3 baby alligators
  2 bog bodies (Swamp:2)
  An ettin zombie (D:15)
  6 blink frogs
  A baby alligator (shapeshifter) (D:15)
  2 boulder beetles
  5 ravens
  An ice dragon zombie (D:15)
  9 slime creatures
  9 grizzly bears (Lair:8)
  A wraith (D:12)
  A redback (Lair:7)
  3 wyverns
  2 spriggans
  4 basilisks
  18 ugly things
  43 yaks
  A hill giant zombie (D:9)
  5 elephant slugs (Lair:8)
  3 hippogriffs
  2 sharks (Lair:2)
  A hungry ghost (D:6)
  Grum (Orc:3)
  3 vampire mosquitoes
  12 swamp worms
  21 wolves
  7 wargs
  Menkaure (D:5)
  7 porcupines
  3 nagas (Lair:4)
  A tengu skeleton (D:10)
  4 hell hounds (Lair:8)
  A sky beast (D:15)
  33 orc warriors
  8 black bears
  5 phantoms
  4 slaves (D:8)
  14 ogres
  17 water moccasins
  5 swamp drakes
  2 yellow wasps (Swamp:2)
  5 ice beasts
  9 centaurs
  3 giant goldfish
  Sigmund (D:2)
  A big kobold (D:11)
  A manticore skeleton (D:13)
  Duvessa (D:5)
  9 crocodiles
  3 brain worms (Lair:8)
  10 giant slugs
  20 giant frogs
  Blork the orc (D:8)
  A silver statue (D:10)
  A cyclops zombie (D:10)
  A cyclops skeleton (D:13)
  5 insubstantial wisps
  An eye of draining (D:12)
  10 scorpions
  9 wights
  A hippogriff zombie (D:12)
  A yak zombie (D:9)
  3 killer bees (D:14)
  3 vampire bats (Lair:5)
  An electric eel (Lair:2)
  A troll skeleton (D:10)
  5 crimson imps
  2 goliath beetles
  35 orc priests
  3 human zombies (Ossuary)
  7 centaur zombies
  13 jellies
  23 hounds
  A big fish (Swamp:1)
  A centaur skeleton (D:9)
  31 orc wizards
  10 iguanas
  8 worker ants
  Natasha (thrice) (D:3)
  An orange rat (D:11)
  A two-headed ogre skeleton (D:14)
  13 sheep
  2 big kobold zombies (Ossuary)
  2 ogre skeletons
  3 mummies
  A worker ant zombie (D:10)
  33 adders
  3 scorpion zombies (Ossuary)
  6 gnolls
  An ogre simulacrum (D:10)
  2 giant mites
  3 shadow imps
  A steam dragon skeleton (D:9)
  2 goliath beetle zombies
  49 green rats
  14 worms
  An adder zombie (D:6)
  4 orc skeletons
  A giant eyeball (D:12)
  12 giant geckos
  2 oozes
  185 orcs
  A ball python (D:3)
  A bat skeleton (D:4)
  A gnoll zombie (Ossuary)
  22 goblins
  17 hobgoblins
  28 jackals
  25 bats
  8 giant cockroaches
  A giant gecko skeleton (D:6)
  A giant gecko zombie (D:5)
  9 giant newts
  3 goblin zombies
  2 hobgoblin zombies (Ossuary)
  25 kobolds
  A kobold zombie (Ossuary)
  An orc zombie (Ossuary)
  15 quokkas
  28 rats
  A rat skeleton (D:5)
  2 rat zombies
1167 creatures vanquished.

Vanquished Creatures (collateral kills)
  2 yaks (Lair:7)
  A hippogriff (Lair:7)
  A swamp worm (Swamp:1)
  A brain worm (Lair:8)
  2 orc wizards
  4 worms (Lair:8)
  3 orcs
14 creatures vanquished.

Vanquished Creatures (others)
  A blink frog (Lair:7)
  2 slime creatures (Swamp:2)
  An ogre (Orc:1)
  6 wandering mushrooms (Orc:4)
  2 orc wizards
  A mummy (Ossuary)
  2 orcs (Orc:1)
  3 giant spores
  A rat (D:8)
  A ballistomycete (D:11)
  6 plants
  435 toadstools
461 creatures vanquished.

Grand Total: 1642 creatures vanquished

Notes
Turn   | Place    | Note
--------------------------------------------------------------
     0 | D:1      | Qrupt, the Merfolk Gladiator, began the quest for the Orb.
     0 | D:1      | Reached XP level 1. HP: 16/16 MP: 1/1
    94 | D:1      | Reached skill level 5 in Polearms
    94 | D:1      | Reached XP level 2. HP: 23/23 MP: 2/2
   173 | D:1      | Found a snail-covered altar of Cheibriados.
   576 | D:2      | Reached XP level 3. HP: 28/28 MP: 3/3
   609 | D:2      | Noticed Sigmund
   765 | D:2      | Reached skill level 6 in Polearms
  1084 | D:2      | Reached XP level 4. HP: 29/34 MP: 4/4
  1511 | D:3      | Noticed an ogre
  1527 | D:3      | Killed an ogre
  1527 | D:3      | Reached skill level 7 in Polearms
  1527 | D:3      | Reached XP level 5. HP: 22/42 MP: 5/5
  2163 | D:4      | Reached skill level 8 in Polearms
  2449 | D:3      | Reached XP level 6. HP: 48/48 MP: 6/6
  2683 | D:3      | Noticed Natasha
  2691 | D:3      | Killed Natasha
  3040 | D:3      | Reached skill level 9 in Polearms
  3212 | D:3      | Noticed Natasha
  3217 | D:3      | Killed Natasha
  3338 | D:3      | Noticed Natasha
  3340 | D:3      | Killed Natasha
  3793 | D:4      | Found a staircase to the Ecumenical Temple.
  3801 | Temple   | Entered the Ecumenical Temple
  4061 | Temple   | Became a worshipper of Fedhas Madash
  4115 | D:4      | Noticed an ogre
  4151 | D:4      | Killed an ogre
  4151 | D:4      | Reached XP level 7. HP: 36/55 MP: 7/7
  4160 | D:4      | Reached skill level 10 in Polearms
  4413 | D:4      | Reached skill level 5 in Fighting
  4579 | D:4      | Found Bupso's Antique Weapon Emporium.
  4851 | D:2      | Killed Sigmund
  4936 | D:5      | Entered Level 5 of the Dungeon
  4937 | D:5      | Noticed Prince Ribbit
  5016 | D:5      | Gained mutation: You can breathe flames. [potion of mutation]
  5016 | D:5      | Gained mutation: Your natural rate of healing is unusually fast. [potion of mutation]
  5016 | D:5      | Gained mutation: You digest meat inefficiently. [potion of mutation]
  5259 | D:4      | Killed Prince Ribbit
  5259 | D:4      | Reached skill level 11 in Polearms
  5259 | D:4      | Reached XP level 8. HP: 14/64 MP: 8/8
  5509 | D:5      | Found a deep blue altar of Sif Muna.
  5610 | D:5      | Noticed Menkaure
  5624 | D:5      | Killed Menkaure
  5624 | D:5      | Reached skill level 12 in Polearms
  5734 | D:5      | Noticed Duvessa
  5786 | D:5      | Killed Duvessa
  6152 | D:5      | Noticed Dowan
  6194 | D:6      | Found a basalt altar of Yredelemnul.
  6607 | D:6      | Reached skill level 5 in Dodging
  6614 | D:6      | Reached skill level 13 in Polearms
  6646 | D:6      | Reached XP level 9. HP: 69/71 MP: 9/9
  6666 | D:6      | Found a sand-covered staircase.
  6673 | Ossuary  | Entered an ossuary
  6992 | Ossuary  | Reached skill level 14 in Polearms
  7594 | D:6      | Found a glowing silver altar of Zin.
  7616 | D:6      | Reached skill level 15 in Polearms
  7620 | D:6      | Found a shattered altar of Ashenzari.
  7754 | D:6      | Found a deep blue altar of Sif Muna.
  8261 | D:7      | Reached XP level 10. HP: 73/77 MP: 10/10
  8409 | D:8      | Noticed Gastronok
  8489 | D:7      | Reached skill level 16 in Polearms
  8526 | D:8      | Acquired Fedhas' first power
  8580 | D:8      | Noticed a hill giant
  8591 | D:8      | Killed a hill giant
  8723 | D:8      | Noticed Joseph
  8748 | D:8      | Killed Joseph
  9008 | D:8      | Noticed Pikel
  9027 | D:8      | Killed Pikel
  9027 | D:8      | Reached skill level 17 in Polearms
  9150 | D:8      | Killed Gastronok
  9150 | D:8      | Reached skill level 10 in Dodging
  9473 | D:8      | Noticed Blork the orc
  9481 | D:8      | Killed Blork the orc
  9574 | D:8      | Noticed Erolcha
  9689 | D:9      | Reached XP level 11. HP: 76/83 MP: 11/11
  9724 | D:9      | Reached skill level 18 in Polearms
  9834 | D:9      | Acquired Fedhas' second power
 10812 | D:10     | Entered Level 10 of the Dungeon
 10859 | D:10     | Found Strousov's Armour Shop.
 10914 | D:10     | Noticed a hill giant
 10936 | D:10     | Killed a hill giant
 10936 | D:10     | Reached skill level 19 in Polearms
 10974 | D:10     | Noticed Erica
 11010 | D:10     | Killed Erica
 11038 | D:10     | Noticed a hill giant
 11049 | D:10     | Killed a hill giant
 11226 | D:10     | Noticed Josephine
 11256 | D:10     | Killed Josephine
 11501 | D:11     | Reached skill level 20 in Polearms
 11611 | D:11     | Reached XP level 12. HP: 69/94 MP: 12/12
 11705 | D:11     | Found a staircase to the Orcish Mines.
 11738 | D:11     | Acquired Fedhas' third power
 12126 | D:11     | Found a staircase to the Lair.
 12284 | D:11     | Acquired Fedhas' fourth power
 12491 | Lair:1   | Entered Level 1 of the Lair of Beasts
 12535 | Lair:1   | Identified a scroll of acquirement
 12796 | Lair:1   | Reached skill level 21 in Polearms
 13799 | Lair:2   | Reached skill level 10 in Fighting
 14278 | Lair:2   | Acquired Fedhas' fifth power
 14319 | Lair:2   | Reached skill level 22 in Polearms
 14801 | Lair:2   | Reached XP level 13. HP: 102/104 MP: 13/13
 15101 | Lair:3   | Reached skill level 1 in Armour
 15947 | Lair:4   | Got a bloodstained trident
 15948 | Lair:4   | Identified the +8,+3 trident "Foireuzaif" {pierce, rPois Stlth} (You found it on level 4 of the Lair of Beasts)
 15970 | Lair:4   | Found a staircase to the Swamp.
 16112 | Lair:4   | Found a staircase to the Snake Pit.
 16669 | Lair:5   | Reached skill level 5 in Armour
 17023 | Lair:5   | Got a fine falchion
 17029 | Lair:5   | Identified the +8,+2 falchion of Harmony {slice, +Fly rC++ MR++ Str+4 Int+3} (You found it on level 5 of the Lair of Beasts)
 17851 | Lair:6   | Reached skill level 1 in Evocations
 18477 | Lair:7   | Gained mutation: You are somewhat resistant to further mutation. [potion of beneficial mutation]
 18507 | Lair:7   | Reached skill level 5 in Evocations
 19189 | Lair:8   | Entered Level 8 of the Lair of Beasts
 19517 | Lair:8   | Reached XP level 14. HP: 90/111 MP: 25/25
 19595 | Lair:8   | Got a fine leather armour
 19604 | Lair:8   | Identified the +2 leather armour of Wyerchud {rElec Int+4} (You found it on level 8 of the Lair of Beasts)
 20208 | Lair:8   | Found a staircase to the Slime Pits.
 20983 | Lair:8   | Got a warped quarterstaff
 20984 | Lair:8   | Identified the +8,+8 quarterstaff of Iqe Mof {pain, Noisy rElec} (You found it on level 8 of the Lair of Beasts)
 21272 | Orc:1    | Entered Level 1 of the Orcish Mines
 21340 | Orc:1    | Found Joiha's Antique Armour Shop.
 21724 | Orc:2    | Found a roughly hewn altar of Beogh.
 21860 | Orc:3    | Noticed Grum
 21875 | Orc:3    | Killed Grum
 23116 | Orc:4    | Entered Level 4 of the Orcish Mines
 23546 | Orc:4    | Noticed an orc warlord
 24200 | Orc:4    | Killed an orc warlord
 24415 | Orc:4    | Found Gremax's General Store.
 24436 | Orc:4    | Found Nattebab's Antique Armour Boutique.
 24436 | Orc:4    | Found Prauclom's Antique Weapon Boutique.
 24437 | Orc:4    | Found Ugguames' Book Shop.
 24458 | Orc:4    | Bought a runed cloak for 126 gold pieces
 24561 | Orc:4    | Found a staircase to the Elven Halls.
 25032 | Orc:1    | Bought an ancient leather armour for 161 gold pieces
 25043 | Orc:1    | Identified the cursed -5 leather armour of the Amoeba {rC++ rN+ Dam+5} (You bought it in a shop on level 1 of the Orcish Mines)
 25209 | D:12     | Reached XP level 15. HP: 127/127 MP: 27/27
 25216 | D:12     | Reached skill level 15 in Fighting
 25231 | D:12     | You fall through a shaft!
 26630 | D:14     | Found Peiteq Merem's Armour Emporium.
 26886 | D:14     | Found a gate to the Vaults.
 27340 | D:15     | Entered Level 15 of the Dungeon
 27588 | D:15     | Found a white marble altar of Elyvilon.
 27742 | D:15     | Found a staircase to the Depths.
 28536 | Orc:1    | Bought a jewelled plate armour for 644 gold pieces
 28551 | Orc:1    | Identified the +0 plate armour of the Mind {Str-5 Int+4} (You bought it in a shop on level 1 of the Orcish Mines)
 28748 | Swamp:1  | Entered Level 1 of the Swamp
 29479 | Swamp:2  | Noticed Snorg
 29503 | Swamp:2  | Killed Snorg
 29608 | Swamp:2  | Noticed Norris
 29741 | Swamp:1  | Reached skill level 15 in Dodging
 30187 | Swamp:2  | Killed Norris
 30187 | Swamp:2  | Reached XP level 16. HP: 56/136 MP: 28/28
 30428 | Swamp:2  | Noticed Saint Roka
 30963 | Swamp:2  | Killed Saint Roka
 31214 | Swamp:2  | Slain by an alligator

Action                   |  1- 3 |  4- 6 |  7- 9 | 10-12 | 13-15 | 16-18 || total
-------------------------+-------+-------+-------+-------+-------+-------++-------
Melee: Trident           |    81 |   245 |   731 |       |   297 |    13 ||  1367
       Scythe            |       |       |    18 |    56 |       |       ||    74
       Halberd           |       |       |    48 |   702 |       |       ||   750
       Glaive            |       |       |       |   324 |  2360 |    75 ||  2759
Throw: Throwing net      |       |     4 |     3 |       |       |       ||     7
Invok: Evolution         |       |       |       |       |    11 |     1 ||    12
 Abil: Breathe Fire      |       |       |     5 |     1 |     5 |     1 ||    12
Evoke: Wand              |       |       |       |     7 |    32 |    15 ||    54
       Fan of gales      |       |       |       |       |       |     1 ||     1
  Use: Potion            |       |       |     6 |     6 |    10 |       ||    22
       Scroll            |       |       |    13 |    10 |    17 |     1 ||    41
 Stab: Held in net/web   |       |     1 |     1 |       |       |       ||     2
       Sleeping          |       |     1 |     2 |     2 |     9 |     1 ||    15
       Distracted        |       |       |       |       |     3 |     1 ||     4
       Confused          |       |       |       |       |     2 |     1 ||     3
